 Dungeon Crawl Stone Soup version 0.26-b1-32-g5d43845318 (webtiles) character file.

Game seed: 2159713674648131661

7266 Arthanis the Arsonist (level 10, -6/53 HPs)
             Began as a Deep Elf Fire Elementalist on Jan 12, 2021.
             Was an Elder of Vehumet.
             Mangled by Erolcha
             ... wielding a +0 giant club
              (36 damage)
             ... on level 10 of the Dungeon.
             The game lasted 00:17:09 (10050 turns).

Arthanis the Arsonist (Deep Elf Fire Elementalist) Turns: 10050, Time: 00:17:10

Health: -6/53      AC:  6    Str:  5    XL:     10   Next: 89%
Magic:  4/44       EV: 14    Int: 24    God:    Vehumet [****..]
Gold:   362        SH:  0    Dex: 15    Spells: 9/30 levels left

rFire    . . .     SeeInvis .   j - +0 dagger
rCold    . . .     Faith    .   (no shield)
rNeg     . . .     Spirit   .   w - +2 robe {Will+}
rPois    .         Reflect  .   (no helmet)
rElec    .         Harm     .   c - +0 cloak
rCorr    .         Rampage  .   (no gloves)
Will     ++...                  v - +0 pair of boots
Stlth    ++........             K - amulet of magic regeneration
HPRegen  0.17/turn              L - ring of magical power
MPRegen  0.54/turn              M - ring of magical power

@: no status effects
A: no striking features
a: Renounce Religion


You were on level 10 of the Dungeon.
You worshipped Vehumet.
Vehumet was greatly pleased with you.
You visited 1 branch of the dungeon, and saw 10 of its levels.

You collected 583 gold pieces.
You spent 221 gold pieces at shops.

Inventory:

Hand Weapons
 j - a +0 dagger (weapon)
 J - a +0 trident
Armour
 a - a +0 robe
 c - a +0 cloak (worn)
 v - a +0 pair of boots (worn)
 w - a +2 robe of willpower (worn)
Jewellery
 b - an uncursed ring of willpower {unknown}
 m - an uncursed ring of protection from cold
 s - a cursed ring of resist corrosion
 F - an uncursed ring of magical power
 K - an amulet of magic regeneration (around neck)
 L - a ring of magical power (left hand)
 M - a ring of magical power (right hand)
 O - a +6 ring of intelligence
Wands
 x - a wand of acid (8)
Scrolls
 e - a scroll of noise {unknown}
 f - 4 scrolls of remove curse
 i - 2 scrolls of enchant armour {unknown}
 r - 5 scrolls of teleportation
 u - 2 scrolls of immolation
 y - 3 scrolls of amnesia {unknown}
 A - a scroll of summoning {unknown}
 D - 2 scrolls of identify
 E - 2 scrolls of magic mapping {unknown}
 G - a scroll of enchant weapon {unknown}
 H - 2 scrolls of fear {unknown}
Potions
 d - 2 potions of might
 g - 3 potions of lignification {unknown}
 h - 2 potions of mutation {unknown}
 k - a potion of invisibility {unknown}
 l - a potion of brilliance {unknown}
 n - 2 potions of flight
 o - 3 potions of heal wounds
 p - a potion of attraction {unknown}
 q - 2 potions of cancellation {unknown}
 t - 2 potions of ambrosia {unknown}
 z - 4 potions of curing
 B - a potion of degeneration
 C - 2 potions of haste


   Skills:
 - Level 2.0 Fighting
 - Level 4.0 Dodging
 - Level 3.0 Stealth
 + Level 10.8 Spellcasting
 + Level 8.9 Conjurations
 * Level 12.6 Fire Magic
 - Level 2.1 Evocations


You had 9 spell levels left.
You knew the following spells:

 Your Spells              Type           Power        Failure   Level
a - Foxfire               Conj/Fire      100%         1%          1
b - Conjure Flame         Conj/Fire      59%          1%          3
c - Sticky Flame          Conj/Fire      59%          1%          4
d - Fireball              Conj/Fire      29%          1%          5
e - Magic Dart            Conj           100%         1%          1
f - Stone Arrow           Conj/Erth      68%          1%          3
g - Iskenderun's Mystic   Conj/Tloc      34%          2%          4

Your spell library contained the following spells:

 Spells                   Type           Power        Failure   Level
 Inner Flame              Hex/Fire       43%          1%          3


Dungeon Overview and Level Annotations

Branches:
Dungeon (10/15)            Temple (0/1) D:5            Lair (0/6) D:8
    Orc (0/2) D:9

Altars:
Elyvilon
Fedhas
Gozag
Hepliaklqana
Okawaru
Qazlal
Trog
Vehumet
Xom
Zin
Beogh

Shops:
D:4 (   D:7 [::!

Annotations:
D:5 2 transporters
D:6 2 transporters, PeterLawrence's ghost, novice MiFi
D:10 Erolcha


Message History

Casting: Fireball (dangerous; 1% risk of failure)
Confirm with . or Enter, or press ? or * to list all spells.
Aiming: Fireball (dangerous; 1% risk of failure)
Press: ? - help, Shift-Dir - straight line The fireball explodes!
Casting: Fireball (dangerous; 1% risk of failure)
Confirm with . or Enter, or press ? or * to list all spells.
Aiming: Fireball (dangerous; 1% risk of failure)
Press: ? - help, Shift-Dir - straight line The fireball explodes!
The fireball engulfs something!
You hear some strange, mumbled words.
A bolt of lightning appears from out of thin air!
The bolt of lightning hits you!!
Casting: Fireball (dangerous; 1% risk of failure)
Confirm with . or Enter, or press ? or * to list all spells.
Aiming: Fireball (dangerous; 1% risk of failure)
Press: ? - help, Shift-Dir - straight line The fireball explodes!
The fireball engulfs something.
Something hits you!!!
Ouch! That really hurt!
You die...

.....# .....###
##+##### .......#
#......# .......#
#......# .......#
#......# .......#
#......# ...)...#
#......# #[.....#
#.{....# #...)..#
#.@....#
#......#+######......#
#................(...#
.....................#
.)..)########........#
#####.......#........#
.....######.#........#
#####.....#.#..#######
.....####.#.#).#


There were no monsters in sight!

Vanquished Creatures
  An ogre mage (D:10)
  2 two-headed ogres
  A troll (D:8)
  2 wyverns
  A steam dragon (D:8)
  A water moccasin (D:9)
  7 orc warriors
  2 sky beasts
  A black bear (D:10)
  A black bear (shapeshifter) (D:10)
  6 ogres
  2 phantoms
  3 wolves (D:8)
  3 centaurs
  8 bullfrogs
  2 scorpions
  5 killer bees (D:7)
  2 howler monkeys (D:8)
  3 wights (D:8)
  2 quasits (D:10)
  2 centaur zombies
  A bullfrog zombie (D:6)
  10 hounds
  A centaur skeleton (D:10)
  6 orc priests
  5 orc wizards
  Jessica (D:2)
  An iguana (D:10)
  9 worker ants
  2 hound skeletons
  A worker ant zombie (D:5)
  10 adders
  3 shadow imps
  A white imp (D:10)
  2 ufetubi
  An adder zombie (D:5)
  An adder skeleton (D:9)
  3 worms
  3 dart slugs
  4 leopard geckos
  48 orcs
  15 bats
  8 giant cockroaches
  9 goblins
  9 hobgoblins
  8 jackals
  4 kobolds
  7 quokkas
  3 ball pythons
  6 frilled lizards
  A quokka zombie (D:6)
  10 rats
250 creatures vanquished.

Vanquished Creatures (collateral kills)
  A foxfire (D:6)
1 creature vanquished.

Vanquished Creatures (others)
  1007 foxfires
1007 creatures vanquished.

Grand Total: 1258 creatures vanquished

Notes
Turn   | Place    | Note
-------+----------+-------------------------------------------
     0 | D:1      | Arthanis the Deep Elf Fire Elementalist began the quest for
                  | the Orb.
     0 | D:1      | Reached XP level 1. HP: 10/10 MP: 6/6
   181 | D:1      | Reached XP level 2. HP: 15/15 MP: 4/8
   500 | D:1      | Reached skill level 4 in Fire Magic
   606 | D:1      | Reached XP level 3. HP: 19/19 MP: 6/10
  1129 | D:2      | Learned a level 3 spell: Conjure Flame
  1276 | D:2      | Noticed Jessica
  1279 | D:2      | Killed Jessica
  1280 | D:2      | Reached XP level 4. HP: 24/24 MP: 4/11
  1462 | D:2      | Found a radiant altar of Vehumet.
  1501 | D:2      | Became a worshipper of Vehumet
  1594 | D:2      | You fall into a shaft and drop 1 floor!
  2258 | D:3      | Reached skill level 5 in Fire Magic
  2388 | D:3      | Reached XP level 5. HP: 28/28 MP: 6/13
  2478 | D:3      | Found a shimmering altar of Xom.
  2538 | D:3      | Reached * piety under Vehumet
  2538 | D:3      | Offered knowledge of Magic Dart by Vehumet.
  2544 | D:3      | Learned a level 4 spell: Sticky Flame
  2755 | D:3      | Learned a level 5 spell: Fireball
  3452 | D:4      | Reached skill level 5 in Spellcasting
  3452 | D:4      | Reached XP level 6. HP: 25/32 MP: 8/15
  3454 | D:4      | Learned a level 1 spell: Magic Dart
  3721 | D:4      | Reached skill level 6 in Fire Magic
  3820 | D:4      | Found Otiwicohu's Weapon Shop.
  4178 | D:4      | Reached XP level 7. HP: 25/36 MP: 13/17
  4485 | D:5      | Entered Level 5 of the Dungeon
  4642 | D:5      | Found a transporter.
  4651 | D:5      | Found a staircase to the Ecumenical Temple.
  4728 | D:5      | Reached skill level 7 in Fire Magic
  4737 | D:5      | Offered knowledge of Freeze by Vehumet.
  4955 | D:5      | Reached ** piety under Vehumet
  5042 | D:5      | Found a transporter.
  5079 | D:5      | Found a stormy altar of Qazlal.
  5492 | D:6      | Found a transporter.
  5493 | D:6      | Noticed PeterLawrence's ghost (novice MiFi)
  5494 | D:6      | Identified the +5 dire flail of the Traitor {vorpal, Dex+2}
  5498 | D:6      | Found a transporter.
  5600 | D:6      | Reached skill level 5 in Conjurations
  5665 | D:6      | Reached XP level 8. HP: 41/41 MP: 14/20
  5698 | D:6      | Found a glowing silver altar of Zin.
  5763 | D:6      | Reached skill level 8 in Fire Magic
  5944 | D:6      | Found an iron altar of Okawaru.
  6316 | D:6      | Found a blossoming altar of Fedhas.
  6339 | D:6      | Noticed a moth of wrath
  6342 | D:6      | Found a bloodstained altar of Trog.
  6599 | D:7      | Found Cifahur's Antique Armour Boutique.
  6654 | D:7      | Found Kuaneuh's Book Boutique.
  6655 | D:7      | Found Muci Uqez's Distillery.
  6655 | D:7      | Found Kuqueh's Book Boutique.
  6666 | D:7      | Bought a potion of curing for 39 gold pieces
  6666 | D:7      | Bought a potion of degeneration for 13 gold pieces
  6666 | D:7      | Bought a potion of flight for 39 gold pieces
  6666 | D:7      | Bought a potion of haste for 130 gold pieces
  6788 | D:8      | Found an opulent altar of Gozag.
  6851 | D:7      | Reached skill level 9 in Fire Magic
  7095 | D:7      | Offered knowledge of Stone Arrow by Vehumet.
  7103 | D:7      | HP: 1/41 [killer bee (4)]
  7279 | D:7      | Learned a level 3 spell: Stone Arrow
  7639 | D:8      | Reached XP level 9. HP: 45/45 MP: 18/23
  7712 | D:8      | Reached *** piety under Vehumet
  7713 | D:8      | Reached skill level 10 in Fire Magic
  7928 | D:8      | Noticed a troll
  7930 | D:8      | Found a staircase to the Lair.
  7947 | D:8      | Killed a troll
  7989 | D:8      | Reached skill level 1 in Evocations
  8073 | D:8      | Found a white marble altar of Elyvilon.
  8131 | D:8      | Reached skill level 1 in Fighting
  8242 | D:8      | Found a hazy altar of Hepliaklqana.
  8459 | D:8      | Noticed a two-headed ogre
  8470 | D:8      | Killed a two-headed ogre
  8471 | D:8      | Reached skill level 11 in Fire Magic
  8471 | D:8      | Reached XP level 10. HP: 53/53 MP: 25/25
  8538 | D:8      | Offered knowledge of Hailstorm by Vehumet.
  9115 | D:9      | Found a roughly hewn altar of Beogh.
  9115 | D:9      | Found a staircase to the Orcish Mines.
  9117 | D:9      | Reached **** piety under Vehumet
  9121 | D:9      | Offered knowledge of Iskenderun's Mystic Blast by Vehumet.
  9123 | D:9      | Reached skill level 10 in Spellcasting
  9539 | D:10     | Entered Level 10 of the Dungeon
  9588 | D:10     | Noticed an ogre mage
  9705 | D:10     | Killed an ogre mage
  9706 | D:10     | Reached skill level 12 in Fire Magic
  9756 | D:10     | Noticed a two-headed ogre
  9761 | D:10     | Killed a two-headed ogre
  9876 | D:10     | Learned a level 4 spell: Iskenderun's Mystic Blast
 10040 | D:10     | Noticed Erolcha
 10050 | D:10     | Mangled by Erolcha

Illustrated notes

Levels and vault maps discovered:
D:1:      dpeg_arrival_long_road, layout_rooms, minmay_tetromino_l4
D:2:      layout_basic, fiery_altar_vehumet, uniq_jessica
D:3:      layout_basic, nicolae_overflow_crystal_walls,
          chequers_decorated_corner
D:4:      layout_loops_ring, serial_shops, shop
D:5:      gammafunk_cloud_chamber, layout_loops_ring, general_overflow_altar,
          minmay_temple_entry_wispy
D:6:      layout_basic, okawaru_trees_2, marbit_many_paths, tgw_trog,
          gammafunk_ghost_smash, fedhas_bush_and_centaur_altar
D:7:      layout_loops_ring, minmay_shop_grid_forest
D:8:      layout_gridville, grunt_gozag_statues, elyvilon_altar_5,
          kennysheep_little_box, erik_lair_island
D:9:      layout_rooms, david_orc_5, minmay_misc_feat_alley
D:10:     minmay_distorted_concentric_squares, layout_gridville, uniq_erolcha,
          uniq_fannar

Skill      XL: |  1  2  3  4  5  6  7  8  9 10 |
---------------+-------------------------------+-----
Fire Magic     | 4 5 6 7 9 11 12 | 12.6
Conjurations   | 2 3 4 5 6 7 8 |  8.9
Spellcasting   | 4 5 6 8 9 10 | 10.8
Evocations     | 2 |  2.1
Stealth        | 3 |  3.0
Dodging        | 4 |  4.0
Fighting       | 1 2 |  2.0

Action                   |  1- 3 |  4- 6 |  7- 9 | 10-12 || total
-------------------------+-------+-------+-------+-------++-------
Melee: Unarmed           |     3 |     1 |       |       ||     4
       Dagger            |       |       |     1 |       ||     1
 Cast: Foxfire           |    90 |   173 |   271 |    84 ||   618
       Sticky Flame      |       |     2 |    12 |     5 ||    19
       Magic Dart        |       |     8 |     2 |       ||    10
       Conjure Flame     |       |       |     3 |       ||     3
       Fireball          |       |       |     4 |    53 ||    57
Evoke: Wand              |       |       |     1 |       ||     1
  Use: Scroll            |       |       |     6 |     2 ||     8
       Potion            |       |       |     1 |       ||     1
 Stab: Sleeping          |     1 |     1 |       |       ||     2
Armor: Robe              |     3 |     6 |     9 |     3 ||    21
Dodge: Dodged            |    16 |    15 |    43 |    10 ||    84
